 Dungeon Crawl Stone Soup version 0.30-a0-883-g5ad918d77d (webtiles) character file.

Game seed: 7011490276384143757

1185 Parcival the Conjurer (level 8, -3/56 HPs)
             Began as a Human Conjurer on Mar 15, 2023.
             Was an Initiate of Yredelemnul.
             Slain by an orc
             ... wielding a +0 trident
              (7 damage)
             ... on level 6 of the Dungeon.
             The game lasted 00:24:58 (5993 turns).

Parcival the Conjurer (Human Conjurer)              Turns: 5993, Time: 00:24:59

Health: -3/56      AC:  6    Str: 10    XL:     8   Next: 70%
Magic:  20/24      EV: 13    Int: 20    God:    Yredelemnul [......]
Gold:   302        SH:  0    Dex: 12    Spells: 5/16 levels left

rFire   x . .      SeeInvis .    t - +0 scythe (venom)
rCold   . . .      Faith    .    (shield currently unavailable)
rNeg    + . .      Spirit   .    u - +2 robe {rN+}
rPois   .          Reflect  .    (no helmet)
rElec   .          Rampage  .    (no cloak)
rCorr   .                        q - +1 pair of gloves
Will    .....                    (no boots)
Stlth   ++                       (no amulet)
HPRegen 0.29/turn                c - ring of magical power
MPRegen 0.19/turn                o - ring "Zicyugyu" {Wiz +Blink rF- Str+2}

@: about to teleport, on blink cooldown
A: no striking features
a: Renounce Religion, Evoke Blink, Recall Undead Harvest


You were on level 6 of the Dungeon.
You worshipped Yredelemnul.
Yredelemnul was noncommittal.
You visited 1 branch of the dungeon, and saw 6 of its levels.

You collected 302 gold pieces.

Inventory:

Hand Weapons
 e - a +3 spear
 h - a +0 dagger of freezing
 k - a +2 dagger of venom
 t - a +0 scythe of venom (weapon)
Armour
 a - a +0 robe
 p - a +0 plate armour
 q - a +1 pair of gloves (worn)
 s - a +2 robe of cold resistance
 u - a +2 robe of positive energy (worn)
 A - a +0 plate armour
 B - the -1 helmet of Space {Slay+3}
   (You found it on level 6 of the Dungeon)

   Slay:      It affects your accuracy & damage with ranged weapons and melee
   (+3).
 D - a +0 plate armour
Jewellery
 c - a ring of magical power (left hand)
 d - a ring of see invisible
 j - a ring of willpower
 o - the ring "Zicyugyu" (right hand) {Wiz +Blink rF- Str+2}
   (You acquired it on level 4 of the Dungeon)

   [ring of wizardry]

   It improves your spell success rate.
   Str:       It affects your strength (+2).
   rF:        It makes you vulnerable to fire.
   +Blink:    It lets you blink.
Wands
 n - a wand of iceblast (16)
 r - a wand of light (5)
Potions
 b - 2 potions of magic
 f - a potion of lignification
 g - a potion of mutation
 i - a potion of haste
 l - 2 potions of attraction {unknown}
 m - a potion of ambrosia {unknown}
 w - a potion of resistance {unknown}
 x - a potion of cancellation {unknown}
 z - a potion of flight {unknown}
 C - 2 potions of curing {unknown}
 E - a potion of might {unknown}


   Skills:
 + Level 2.0 Fighting
 + Level 0.3 Short Blades
 + Level 3.2 Polearms
 + Level 4.7 Dodging
 + Level 3.9 Stealth
 + Level 4.6 Spellcasting
 + Level 6.1 Conjurations
 + Level 0.1 Summonings
 + Level 0.1 Earth Magic
 + Level 0.5 Invocations
 + Level 1.2 Evocations


You had 5 spell levels left.
You knew the following spells:

 Your Spells              Type           Power      Damage    Failure   Level
a - Magic Dart            Conj           100%       1d8       1%          1
b - Searing Ray           Conj           58%        2d6       1%          2
c - Animate Armour        Summ/Erth      10%        N/A       41%         4
d - Iskenderun's Mystic   Conj/Tloc      16%        2d5       14%         4

Your spell library contained the following spells:

 Spells                   Type           Power      Damage    Failure   Level
 Dazzling Flash           Conj/Hex       32%        N/A       4%          3
 Stone Arrow              Conj/Erth      34%        3d9       4%          3
 Sublimation of Blood     Necr           4%         N/A       8%          2
 Wereblood                Tmut           4%         N/A       8%          2
 Ignite Poison            Fire/Tmut/Pois 4%         N/A       14%         3
 Fulminant Prism          Conj/Hex       8%         3d7       14%         4
 Sticky Flame             Conj/Fire      16%        2d4       14%         4
 Summon Hydra             Summ           2%         N/A       100%        7
 Ignition                 Fire           2%         3d3       100%        8
 Lehudib's Crystal Spear  Conj/Erth      8%         10d4      100%        8


Dungeon Overview and Level Annotations

Branches:
Dungeon (6/15)
 Temple: D:4-7

Altars:
Cheibriados
Fedhas
Hepliaklqana
Makhleb
Nemelex Xobeh
Trog
Yredelemnul

Shops:
D:3 [

Annotations:
D:6 pigah's ghost, novice OpWn


Message History

The vampire mosquito draws strength from your injuries!
The searing ray hits the vampire mosquito.
The vampire mosquito is almost destroyed.
The searing ray hits the gnoll sergeant but does no damage.
The gnoll sergeant is heavily wounded.
You finish channelling your searing ray.
The vampire mosquito bites you!
The vampire mosquito draws strength from your injuries!
Your water moccasin zombie misses the phantom.
The gnoll sergeant hits you from afar with a +0 trident.
The jelly hits your water moccasin zombie.
Your water moccasin zombie is splashed with acid.
Your water moccasin zombie seems to be corroded for longer.
The phantom hits your water moccasin zombie.
The phantom blinks!
The vampire mosquito misses you. The vampire mosquito bites you.
Your water moccasin zombie bites the jelly.
Your water moccasin zombie is burned by acid!
The gnoll sergeant hits you from afar with a +0 trident!
* * * LOW HITPOINT WARNING * * *
The jelly hits your water moccasin zombie.
Your water moccasin zombie is splashed with acid!
Your water moccasin zombie seems to be corroded for longer.
You blink.
Your water moccasin zombie bites the jelly.
Your water moccasin zombie is burned by acid!
The vampire mosquito bites you but does no damage.
The gnoll sergeant hits you but does no damage.
The jelly closely misses your water moccasin zombie.
As you read the scroll of teleportation, it crumbles to dust.
You feel strangely unstable. The vampire mosquito bites you.
* * * LOW HITPOINT WARNING * * *
Your water moccasin zombie bites the jelly.
Your water moccasin zombie is burned by acid!
The vampire mosquito barely misses you.
The gnoll sergeant hits you from afar with a +0 trident!
* * * LOW HITPOINT WARNING * * *
The orc hits you from afar with a +0 trident!
You die...
Your body rises from the dead as a mindless zombie.

###.# #.... #.### ###.###
#.....# ######## #.###.#
#......# ##.# #..
####....#.##########..###.#
#.....#...@y§.......#.....#
#.##.............###.##....
#.##......oZg.....##.######
#.##..###'WJ###........##
#.##..#.......#.........#
#.##..#.....W.#....#.#..#
###.##..#..#.#..#......#..#
#.......#[#...#.#(....##.>#
#.#.##..#..#.#..#.....##..###


You could see a vampire mosquito, a phantom, a gnoll sergeant, a jelly (ally
target), pigah's ghost, an orc and a friendly water moccasin zombie (corroded).

Vanquished Creatures
  Sigmund (D:4)
  A water moccasin (D:6)
  A black bear (D:5)
  An ogre (D:6)
  A scorpion (D:4)
  A bullfrog (D:6)
  A hound (D:6)
  2 jellies
  3 sleepcaps
  Terence (D:2)
  6 iguanas
  2 orc wizards (D:5)
  4 gnolls (D:4)
  7 adders
  2 worms
  8 orcs
  3 bats
  5 endoplasms
  A giant cockroach (D:3)
  8 goblins
  4 hobgoblins
  3 jackals (D:5)
  3 quokkas
  4 ball pythons
  7 frilled lizards
  4 kobolds
  10 rats
  2 spectral orcs
96 creatures vanquished.

Vanquished Creatures (collateral kills)
  A scorpion (D:6)
  A jackal (D:5)
2 creatures vanquished.

Vanquished Creatures (others)
  An orc wizard (D:5)
  A hound zombie (D:6)
  2 jelly zombies
  An adder zombie (D:6)
  A gnoll zombie (D:4)
  2 jackal zombies (D:5)
8 creatures vanquished.

Grand Total: 106 creatures vanquished

Notes
Turn   | Place    | Note
-------+----------+-------------------------------------------
     0 | D:1      | Parcival the Human Conjurer began the quest for the Orb.
     0 | D:1      | Reached XP level 1. HP: 13/13 MP: 3/3
   230 | D:1      | Reached XP level 2. HP: 19/19 MP: 5/5
   733 | D:2      | Reached XP level 3. HP: 20/24 MP: 6/6
   785 | D:2      | Learned a level 2 spell: Searing Ray
  1185 | D:2      | Reached XP level 4. HP: 30/30 MP: 7/7
  1218 | D:2      | Noticed Terence
  1234 | D:2      | Killed Terence
  1235 | D:2      | Reached skill level 5 in Conjurations
  1696 | D:3      | Reached XP level 5. HP: 26/35 MP: 8/8
  2199 | D:3      | Found a basalt altar of Yredelemnul.
  2524 | D:3      | Found Juttuukh's Antique Armour Shop.
  2528 | D:3      | Found a burning altar of Makhleb.
  2663 | D:4      | Noticed Sigmund
  2670 | D:4      | Reached XP level 6. HP: 29/42 MP: 10/10
  2676 | D:4      | Killed Sigmund
  2677 | D:4      | Reached skill level 1 in Fighting
  2700 | D:4      | Identified a scroll of acquirement
  2700 | D:4      | Acquired the ring "Zicyugyu" {Wiz +Blink rF- Str+2}
  2883 | D:4      | Reached XP level 7. HP: 32/48 MP: 12/12
  2987 | D:4      | Found a bloodstained altar of Trog.
  3131 | D:3      | Became a worshipper of Yredelemnul the Dark
  3331 | D:4      | Found a blossoming altar of Fedhas.
  3416 | D:4      | HP: 1/48 [gnoll/+0 spear (7)]
  3786 | D:4      | Found a sparkling altar of Nemelex Xobeh.
  3931 | D:4      | Learned a level 4 spell: Animate Armour
  3983 | D:5      | Entered Level 5 of the Dungeon
  4362 | D:5      | Reached skill level 1 in Polearms
  4388 | D:5      | Found a snail-covered altar of Cheibriados.
  4599 | D:5      | Reached XP level 8. HP: 55/55 MP: 14/14
  4851 | D:5      | Found a hazy altar of Hepliaklqana.
  5022 | D:6      | Learned a level 4 spell: Iskenderun's Mystic Blast
  5321 | D:6      | Reached skill level 6 in Conjurations
  5381 | D:6      | Identified the -1 helmet of Space {Slay+3}
  5562 | D:6      | Reached skill level 1 in Evocations
  5749 | D:6      | Noticed pigah's ghost (novice OpWn)
  5763 | D:6      | Found a runed translucent gate.
  5763 | D:6      | Found a runed translucent gate.
  5763 | D:6      | Found a runed translucent gate.
  5993 | D:6      | Slain by an orc

Illustrated notes

Levels and vault maps discovered:
D:1:      spicycebolla_arrival_clurvy, layout_basic
D:2:      layout_rooms, grunt_ministairs_3, uniq_terence
D:3:      wander_river, layout_rooms, yredelemnul_forgotten_temple_becter,
          bloody_makhleb, serial_shops, shop
D:4:      layout_basic, general_overflow_altar, kennysheep_little_box,
          mainiacjoe_overflow_chevrons, uniq_sigmund
D:5:      layout_loops_ring, lemuel_doored_altar,
          nicolae_hepliaklqana_monster_ancestors
D:6:      layout_loops_cross, gammafunk_ghost_split

Skill      XL: |  1  2  3  4  5  6  7  8 |
---------------+-------------------------+-----
Conjurations   | 5 6 |  6.1
Spellcasting   | 3 4 |  4.6
Fighting       | 1 2 |  2.0
Stealth        | 3 |  3.9
Dodging        | 3 4 |  4.7
Polearms       | 2 3 |  3.2
Evocations     | 1 |  1.2
Short Blades   | |  0.3
Summonings     | |  0.1
Earth Magic    | |  0.1
Invocations    | |  0.5

Action                     |  1- 3 |  4- 6 |  7- 9 || total
---------------------------+-------+-------+-------++-------
  Melee: Unarmed           |     9 |       |       ||     9
         Dagger            |     4 |     2 |       ||     6
         Halberd           |       |    15 |    58 ||    73
   Cast: Magic Dart        |    35 |       |       ||    35
         Searing Ray       |    10 |    35 |    37 ||    82
         Animate Armour    |       |       |     1 ||     1
 Invoke: Recall Undead Har |       |       |     1 ||     1
Ability: Evoke Blink       |       |     1 |     3 ||     4
    Use: Scroll            |     2 |     3 |     7 ||    12
         Potion            |       |       |     2 ||     2
   Stab: Sleeping          |       |     1 |     3 ||     4
 Armour: Robe              |     6 |     8 |    34 ||    48
  Dodge: Dodged            |    15 |    39 |    90 ||   144

Table legend: (Time is in decaauts)
 A = Elapsed time spent in this place.
 B = Non-inter-level travel time spent in this place.
 C = Inter-level travel time spent in this place.
 D = Time resting spent in this place.
 E = Time spent auto-exploring this place.
 F = Levels seen in this place.
 G = Mean time per level.
                   A        B        C        D        E       F      G
               +--------+--------+--------+--------+--------+-----+--------+
         Total |   6042 |   5471 |    571 |      0 |   4528 |   6 | 1007.0 |
       Dungeon |   6042 |   5471 |    571 |      0 |   4528 |   6 | 1007.0 |
               +--------+--------+--------+--------+--------+-----+--------+

Top non-repeatable levels by time:
     D:4: 1280 daAuts
     D:5: 1053 daAuts
     D:3: 1050 daAuts
     D:6: 981 daAuts
     D:2: 951 daAuts
     D:1: 726 daAuts
